MWL
WAUSAU TIMBERS @ DECATUR COMMODORES
08/06/1982
 
TOP OF THE 1ST
Wausau Timbers batting - Pitching for Decatur Commodores : RHP Fred Howard
Pitching: RHP Fred Howard
Batting: SHB Herman Lewis 0-0: Called Strike
0-1: Fly out, F9 (Flyball, 89XD, EV 106.3 MPH)
Batting: LHB Rodney Nealeigh 0-0: Called Strike
0-1: Ball
1-1: Called Strike
1-2: Ball
2-2: Foul Ball, location: 2F
2-2: Ball
3-2: Ground out 5-3 (Groundball, 5, EV 90.0 MPH)
Batting: RHB Rich Renteria 0-0: Called Strike
0-1: Ball
1-1: Ball
2-1: SINGLE (Line Drive, 9S, EV 92.5 MPH)
Batting: LHB Tom M Foley 0-0: Ball
1-0: Called Strike
1-1: Ball
2-1: Called Strike
2-2: Ball
3-2: Base on Balls
Rich Renteria to second
Batting: RHB Douglas Davis 0-0: Ball
1-0: SINGLE (Line Drive, 7S, EV 99.4 MPH)
Rich Renteria to third
Tom M Foley to second
Throwing error, E7
Rich Renteria scores
Tom M Foley to third
Douglas Davis to second
Batting: LHB Ricky Seilheimer 0-0: Ball
1-0: Ball
2-0: Ball
3-0: Called Strike
3-1: Foul Ball, location: 2F
3-2: Foul Ball, location: 2F
3-2: Foul Ball, location: 2F
3-2: Strikes out swinging
Top of the 1st over - 1 run, 2 hits, 1 error, 2 left on base; Wausau 1 - Decatur 0
BOTTOM OF THE 1ST
Decatur Commodores batting - Pitching for Wausau Timbers : RHP Doug Cook
Pitching: RHP Doug Cook
Batting: LHB Alexis Marte 0-0: Called Strike
0-1: Swinging Strike
0-2: Foul Ball, location: 2F
0-2: Ball
1-2: Ball
2-2: SINGLE (Groundball, 5L, EV 95.0 MPH)
Batting: SHB Roger Holt 0-0: Called Strike
Alexis Marte steals 2nd, throwing error, E2
Alexis Marte to third
0-1: Foul Ball, location: 2F
0-2: Ground out U3 (Groundball, 34, EV 95.0 MPH)
Alexis Marte scores
Batting: SHB Daniel Wieser 0-0: Ball
1-0: Called Strike
1-1: Fly out, F4 (Popup, 4S, EV 70.0 MPH)
Batting: LHB David Showalter 0-0: Ball
1-0: Ball
2-0: Ball
3-0: Base on Balls
Batting: SHB Rondin Johnson 0-0: Ball
1-0: Ball
2-0: Foul Ball, location: 2F
2-1: Ground out 4-3 (Groundball, 4, EV 103.8 MPH)
Bottom of the 1st over - 1 run, 1 hit, 1 error, 1 left on base; Wausau 1 - Decatur 1
TOP OF THE 2ND
Wausau Timbers batting - Pitching for Decatur Commodores : RHP Fred Howard
Batting: RHB Bruce Chaney 0-0: Called Strike
0-1: Ball
1-1: Foul Ball, location: 2F
1-2: Ball
2-2: Ball
3-2: Strikes out swinging
Batting: RHB Jeffrey Young 0-0: Ball
1-0: Fly out, F9 (Line Drive, 9, EV 90.0 MPH)
Batting: RHB Isaac Seoanee 0-0: Ground out 4-3 (Groundball, 4S, EV 81.9 MPH)
Top of the 2nd over - 0 runs, 0 hits, 0 errors, 0 left on base; Wausau 1 - Decatur 1
BOTTOM OF THE 2ND
Decatur Commodores batting - Pitching for Wausau Timbers : RHP Doug Cook
Batting: LHB Jerry Miller 0-0: Ground out 3-1 (Groundball, 34S, EV 82.5 MPH)
Batting: RHB Clifton Wilder 0-0: Ball
1-0: Reached on error, E8 (Flyball, 8LD, EV 102.5 MPH)
Batting: LHB Samuel Taves 0-0: Ball
1-0: Called Strike
1-1: Called Strike
1-2: Ground out 4-3 (Groundball, 34, EV 102.5 MPH)
Clifton Wilder to third
Batting: RHB Rex Farrior 0-0: Ball
1-0: Swinging Strike
1-1: Foul Ball, location: 2F
1-2: Strikes out swinging, 2-3 out at first.
Bottom of the 2nd over - 0 runs, 0 hits, 1 error, 1 left on base; Wausau 1 - Decatur 1
TOP OF THE 3RD
Wausau Timbers batting - Pitching for Decatur Commodores : RHP Fred Howard
Batting: SHB Herman Lewis 0-0: Ball
1-0: Ball
2-0: Ball
3-0: Called Strike
3-1: Base on Balls
Batting: LHB Rodney Nealeigh 0-0: Ball
1-0: Fielders Choice at 2nd, 6-4 (Groundball, 6, EV 84.4 MPH)
Batting: RHB Rich Renteria 0-0: Ball
1-0: Swinging Strike
1-1: Foul Ball, location: 2F
1-2: Ball
2-2: Ball
3-2: Base on Balls
Rodney Nealeigh to second
Batting: LHB Tom M Foley 0-0: Called Strike
0-1: Ball
1-1: Ball
2-1: Swinging Strike
2-2: Grounds into double play, 6-4-3 (Groundball, 6M, EV 99.4 MPH)
Top of the 3rd over - 0 runs, 0 hits, 0 errors, 1 left on base; Wausau 1 - Decatur 1
BOTTOM OF THE 3RD
Decatur Commodores batting - Pitching for Wausau Timbers : RHP Doug Cook
Batting: LHB Alexis Marte 0-0: Ground out 6-3 (Groundball, 6, EV 81.9 MPH)
Batting: SHB Roger Holt 0-0: Ball
1-0: Called Strike
1-1: Ball
2-1: Called Strike
2-2: Ball
3-2: Foul Ball, location: 2F
3-2: Foul Ball, location: 2F
3-2: Foul Ball, location: 2F
3-2: Foul Ball, location: 2F
3-2: SINGLE (Groundball, 4D, EV 104.4 MPH)
Batting: SHB Daniel Wieser 0-0: Swinging Strike
0-1: Fielders Choice at 2nd, 6-4 (Groundball, 6M, EV 87.5 MPH)
Batting: LHB David Showalter 0-0: Foul Ball, location: 2F
0-1: Foul Ball, location: 2F
0-2: Fly out, F9 (Flyball, 9LM, EV 90.0 MPH)
Bottom of the 3rd over - 0 runs, 1 hit, 0 errors, 1 left on base; Wausau 1 - Decatur 1
TOP OF THE 4TH
Wausau Timbers batting - Pitching for Decatur Commodores : RHP Fred Howard
Batting: RHB Douglas Davis 0-0: Ball
1-0: Swinging Strike
1-1: Fly out, F9 (Flyball, 9D, EV 105.6 MPH)
Batting: LHB Ricky Seilheimer 0-0: Ground out 3-1 (Groundball, 34, EV 108.1 MPH)
Batting: RHB Bruce Chaney 0-0: Ball
1-0: Called Strike
1-1: Foul Ball, location: 2F
1-2: Ball
2-2: Ball
3-2: SINGLE (Groundball, 13S, EV 70.6 MPH) (infield hit)
Batting: RHB Jeffrey Young 0-0: Called Strike
0-1: Ball
1-1: Ball
Bruce Chaney steals 2nd base
2-1: Ball
3-1: SINGLE (Line Drive, 7S, EV 86.9 MPH)
Bruce Chaney to third
Runner from 3rd tries for Home, SAFE, throw by LF to home
Batting: RHB Isaac Seoanee 0-0: Ball
Jeffrey Young is caught stealing 2nd base 2-4
Top of the 4th over - 1 run, 2 hits, 0 errors, 0 left on base; Wausau 2 - Decatur 1
BOTTOM OF THE 4TH
Decatur Commodores batting - Pitching for Wausau Timbers : RHP Doug Cook
Batting: SHB Rondin Johnson 0-0: Ball
1-0: Ball
2-0: Ball
3-0: Base on Balls
Batting: LHB Jerry Miller 0-0: Called Strike
0-1: Ball
1-1: Called Strike
1-2: Grounds into double play, 6-4-3 (Groundball, 6, EV 90.0 MPH)
Batting: RHB Clifton Wilder 0-0: Ball
1-0: Fly out, F9 (Flyball, 89D, EV 85.6 MPH)
Bottom of the 4th over - 0 runs, 0 hits, 0 errors, 0 left on base; Wausau 2 - Decatur 1
TOP OF THE 5TH
Wausau Timbers batting - Pitching for Decatur Commodores : RHP Fred Howard
Batting: RHB Isaac Seoanee 0-0: SINGLE (Groundball, 4MD, EV 108.1 MPH)
Batting: SHB Herman Lewis 0-0: Called Strike
0-1: Ball
1-1: Swinging Strike
1-2: Grounds into double play, 4-6-3 (Groundball, 4, EV 103.1 MPH)
Batting: LHB Rodney Nealeigh 0-0: Ball
1-0: Ball
2-0: Fly out, F7 (Line Drive, 7, EV 90.0 MPH)
Top of the 5th over - 0 runs, 1 hit, 0 errors, 0 left on base; Wausau 2 - Decatur 1
BOTTOM OF THE 5TH
Decatur Commodores batting - Pitching for Wausau Timbers : RHP Doug Cook
Batting: LHB Samuel Taves 0-0: Ground out 5-3 (Groundball, 56S, EV 84.4 MPH)
Batting: RHB Rex Farrior 0-0: Ball
1-0: Foul Ball, location: 2F
1-1: Foul Ball, location: 2F
1-2: Ball
2-2: Ball
3-2: Ground out 6-3 (Groundball, 6S, EV 91.9 MPH)
Batting: LHB Alexis Marte 0-0: Ball
1-0: Foul Ball, location: 2F
1-1: Foul Ball, location: 2F
1-2: SINGLE (Groundball, 3D, EV 102.5 MPH)
Batting: SHB Roger Holt 0-0: Ball
1-0: Swinging Strike
1-1: Ball
Alexis Marte steals 2nd base
2-1: Ball
3-1: Base on Balls
Batting: SHB Daniel Wieser 0-0: Fly out, F4 (Line Drive, 4, EV 62.5 MPH)
Bottom of the 5th over - 0 runs, 1 hit, 0 errors, 2 left on base; Wausau 2 - Decatur 1
TOP OF THE 6TH
Wausau Timbers batting - Pitching for Decatur Commodores : RHP Fred Howard
Batting: RHB Rich Renteria 0-0: Reached on error, E5 (Groundball, 56, EV 103.8 MPH)
Batting: LHB Tom M Foley 0-0: Called Strike
0-1: Ball
1-1: Fly out, F8 (Line Drive, 8RD, EV 88.8 MPH)
Batting: RHB Douglas Davis 0-0: Called Strike
Rich Renteria steals 2nd base
0-1: Swinging Strike
0-2: Fly out, F7 (Flyball, 78XD, EV 95.6 MPH)
Runner from 2nd tags up, SAFE at 3rd, no throw by LF
Batting: LHB Ricky Seilheimer 0-0: Ball
1-0: Foul Ball, location: 2F
1-1: Foul Ball, location: 2F
1-2: Ball
2-2: Foul Ball, location: 2F
2-2: SINGLE (Groundball, 56S, EV 69.4 MPH) (infield hit)
Rich Renteria scores
Pitching: RHP Ty Hubbard
Batting: RHB Bruce Chaney 0-0: Called Strike
0-1: Ball
1-1: Ball
Ricky Seilheimer is caught stealing 2nd base 2-4
Top of the 6th over - 1 run, 1 hit, 1 error, 0 left on base; Wausau 3 - Decatur 1
BOTTOM OF THE 6TH
Decatur Commodores batting - Pitching for Wausau Timbers : RHP Doug Cook
Batting: LHB David Showalter 0-0: Fly out, F7 (Line Drive, 7, EV 83.1 MPH)
Batting: SHB Rondin Johnson 0-0: Ball
1-0: Called Strike
1-1: Swinging Strike
1-2: Ball
2-2: Foul Ball, location: 2F
2-2: Ball
3-2: Base on Balls
Batting: LHB Jerry Miller 0-0: Fielders Choice at 2nd, 4-6 (Groundball, 4, EV 83.1 MPH)
Batting: RHB Clifton Wilder 0-0: Called Strike
0-1: Ball
1-1: SINGLE (Flyball, 7LS, EV 91.3 MPH)
Jerry Miller to second
Batting: LHB Samuel Taves 0-0: Called Strike
0-1: Fly out, F7 (Flyball, 78M, EV 95.0 MPH)
Bottom of the 6th over - 0 runs, 1 hit, 0 errors, 2 left on base; Wausau 3 - Decatur 1
TOP OF THE 7TH
Wausau Timbers batting - Pitching for Decatur Commodores : RHP Ty Hubbard
Batting: RHB Bruce Chaney 0-0: Ball
1-0: Fly out, F9 (Line Drive, 9D, EV 102.5 MPH)
Batting: RHB Jeffrey Young 0-0: Ball
1-0: Called Strike
1-1: Called Strike
1-2: Ground out 4-3 (Groundball, 34D, EV 82.5 MPH)
Batting: RHB Isaac Seoanee 0-0: Ball
1-0: Ball
2-0: Called Strike
2-1: Fly out, F9 (Line Drive, 9D, EV 90.0 MPH)
Top of the 7th over - 0 runs, 0 hits, 0 errors, 0 left on base; Wausau 3 - Decatur 1
BOTTOM OF THE 7TH
Decatur Commodores batting - Pitching for Wausau Timbers : RHP Doug Cook
Batting: RHB Rex Farrior 0-0: Ball
1-0: Ball
2-0: Foul Ball, location: 2F
2-1: Swinging Strike
2-2: Ball
3-2: Strikes out swinging
Batting: LHB Alexis Marte 0-0: Ground out U3 (Groundball, 3, EV 77.5 MPH)
Batting: SHB Roger Holt 0-0: Foul Ball, location: 2F
0-1: Called Strike
0-2: Fly out, F3 (Line Drive, 3, EV 71.3 MPH)
Bottom of the 7th over - 0 runs, 0 hits, 0 errors, 0 left on base; Wausau 3 - Decatur 1
TOP OF THE 8TH
Wausau Timbers batting - Pitching for Decatur Commodores : RHP Ty Hubbard
Batting: SHB Herman Lewis 0-0: Ball
1-0: Fly out, F7 (Flyball, 7, EV 87.5 MPH)
Batting: LHB Rodney Nealeigh 0-0: Called Strike
0-1: Ground out 6-3 (Groundball, 6, EV 89.4 MPH)
Batting: RHB Rich Renteria 0-0: Ground out 6-3 (Groundball, 6, EV 84.4 MPH)
Top of the 8th over - 0 runs, 0 hits, 0 errors, 0 left on base; Wausau 3 - Decatur 1
BOTTOM OF THE 8TH
Decatur Commodores batting - Pitching for Wausau Timbers : RHP Doug Cook
Batting: SHB Daniel Wieser 0-0: Called Strike
0-1: Swinging Strike
0-2: Foul Ball, location: 2F
0-2: Ball
1-2: SINGLE (Groundball, 3D, EV 97.5 MPH)
Batting: LHB David Showalter 0-0: Ball
1-0: Ball
2-0: SINGLE (Line Drive, 5D, EV 101.3 MPH)
Daniel Wieser to second
Batting: SHB Rondin Johnson 0-0: Ball
1-0: Called Strike
1-1: Ball
2-1: SINGLE (Groundball, 4MD, EV 105.6 MPH)
Daniel Wieser to third
David Showalter to second
Pitching: RHP Robert Mettler
Batting: LHB Jerry Miller 0-0: Ball
1-0: Ball
2-0: Ball
3-0: Called Strike
3-1: Fly out, F4 (Popup, 3D, EV 53.8 MPH)
Batting: RHB Clifton Wilder 0-0: Ball
1-0: Ball
2-0: Ball
3-0: Base on Balls
Daniel Wieser scores
David Showalter to third
Rondin Johnson to second
Batting: LHB Samuel Taves 0-0: Ball
1-0: Ball
2-0: Foul Ball, location: 2F
2-1: Foul Ball, location: 2F
2-2: Strikes out swinging
Batting: RHB Rex Farrior 0-0: Ball
1-0: Ball
2-0: Foul Ball, location: 2F
2-1: Foul Ball, location: 2F
2-2: Fielders Choice at 2nd, U4 (Groundball, 4M, EV 101.9 MPH)
Bottom of the 8th over - 1 run, 3 hits, 0 errors, 3 left on base; Wausau 3 - Decatur 2
TOP OF THE 9TH
Wausau Timbers batting - Pitching for Decatur Commodores : RHP Ty Hubbard
Batting: LHB Tom M Foley 0-0: Ball
1-0: Swinging Strike
1-1: Ball
2-1: Ball
3-1: SINGLE (Groundball, 3D, EV 104.4 MPH)
Batting: RHB Douglas Davis 0-0: Ball
1-0: Foul Ball, location: 2F
1-1: Foul Ball, location: 2F
1-2: Foul Ball, location: 2F
1-2: Fly out, F3 (Popup, 3S, EV 77.5 MPH)
Batting: LHB Ricky Seilheimer 0-0: SINGLE (Groundball, 4MD, EV 108.8 MPH)
Tom M Foley to second
Runner from 2nd tries for 3rd, SAFE, no throw by CF
Batting: RHB Bruce Chaney 0-0: Called Strike
0-1: Foul Ball, location: 2F
0-2: Strikes out swinging
Batting: RHB Jeffrey Young 0-0: Ball
1-0: Fly out, F9 (Flyball, 9S, EV 86.3 MPH)
Top of the 9th over - 0 runs, 2 hits, 0 errors, 2 left on base; Wausau 3 - Decatur 2
BOTTOM OF THE 9TH
Decatur Commodores batting - Pitching for Wausau Timbers : RHP Robert Mettler
Pitching: RHP Rafael Ramirez
Batting: LHB Alexis Marte 0-0: Foul Ball, location: 2F
0-1: Foul Ball, location: 2F
0-2: Strikes out looking
Batting: SHB Roger Holt 0-0: Foul Ball, location: 2F
0-1: Foul Ball, location: 2F
0-2: Strikes out swinging
Batting: SHB Daniel Wieser 0-0: Ball
1-0: Called Strike
1-1: Foul Ball, location: 2F
1-2: Ball
2-2: Foul Ball, location: 2F
2-2: Foul Ball, location: 2F
2-2: Ball
3-2: Foul Ball, location: 2F
3-2: Ground out 6-3 (Groundball, 56S, EV 64.4 MPH)
Bottom of the 9th over - 0 runs, 0 hits, 0 errors, 0 left on base; Wausau 3 - Decatur 2
Thursday, August 20th, 2020 - OOTP Baseball 21.5 Build 76